 Dungeon Crawl Stone Soup version 0.23.1 (webtiles) character file.

Game seed: 3124353754457582965

27382 Borgoz the Covert (level 13, -9/113 HPs)
             Began as a Ghoul Enchanter on Mar 3, 2019.
             Was a Follower of Ashenzari.
             Mangled by a polar bear (16 damage)
             ... in an ice cave.
             The game lasted 00:55:20 (18786 turns).

Borgoz the Covert (Ghoul Enchanter)                Turns: 18786, Time: 00:55:21

Health: -9/113     AC: 11    Str: 13    XL:     13   Next: 32%
Magic:  15/19      EV: 18    Int: 10    God:    Ashenzari [*.....]
Gold:   781        SH:  0    Dex: 13    Spells: 14/21 levels left

rFire    + + +     SeeInvis .   D - +1 dagger (elec) (curse)
rCold    + + .     Gourm    .   (no shield)
rNeg     + + +     Faith    .   E - +2 leather armour {rF+}
rPois    ∞         Spirit   .   l - +1 helmet
rElec    .         Reflect  .   k - scarf {rC+ rF+}
rCorr    .         Harm     .   (no gloves)
MR       .....                  s - +2 pair of boots
Stlth    ++++++....             (no amulet)
HPRegen  0.00/turn              f - ring "Kufos" {rF+ EV+2} (curse)
MPRegen  0.16/turn              L - ring of stealth

@: confusing touch, very slightly contaminated, rotting
A: rotting body, claws 1, carnivore, cold resistance 1, negative energy
resistance 3, inhibited regeneration, torment resistance, unbreathing
a: Curse Item, Scrying, Renounce Religion


You were in an ice cave.
You worshipped Ashenzari.
Ashenzari was aware of your devotion.
You were not hungry.

You visited 3 branches of the dungeon, and saw 14 of its levels.
You also visited: Ice Cave.

You collected 781 gold pieces.

Inventory:

Hand Weapons
 A - a +3 rapier
 D - a cursed +1 dagger of electrocution (weapon)
Missiles
 K - 6 tomahawks (quivered)
Armour
 i - the +8 chain mail of Gozag's Envy {MR+ Dex-4 SInv}
   (You took it off a tengu warrior on level 9 of the Dungeon)

   It affects your dexterity (-4).
   It affects your resistance to hostile enchantments.
   It lets you see invisible.
 k - a scarf of resistance (worn)
 l - a +1 helmet (worn)
 s - a +2 pair of boots (worn)
 E - a +2 leather armour of fire resistance (worn)
 J - a +0 chain mail of cold resistance
Jewellery
 f - the cursed ring "Kufos" (left claw) {rF+ EV+2}
   (You took it off a tengu warrior on level 9 of the Dungeon)

   [ring of evasion]

   It affects your evasion (+2).
   It protects you from fire.
   It has a curse placed upon it.
 n - an uncursed ring of protection from fire
 L - a ring of stealth (right claw)
Wands
 g - a wand of flame (29)
 m - a wand of acid (10)
 q - a wand of polymorph (7)
 u - a wand of digging (5)
 y - a wand of paralysis (1)
Scrolls
 a - a scroll of fog
 b - a scroll of amnesia
 c - 4 scrolls of remove curse
 j - a scroll of teleportation
 r - a scroll of identify
 B - 2 scrolls of magic mapping
Potions
 e - 2 potions of flight
 h - 2 potions of magic
 p - 3 potions of brilliance
Comestibles
 d - 20 rations


   Skills:
 + Level 10.2 Fighting
 + Level 11.3 Short Blades
 + Level 5.0 Armour
 + Level 8.8 Dodging
 + Level 11.5 Stealth
 + Level 4.6 Spellcasting
 + Level 5.0 Hexes


You had 14 spell levels left.
You knew the following spells:

 Your Spells              Type           Power        Failure   Level  Hunger
a - Corona                Hex            ##.....      3%          1    #......
b - Ensorcelled Hibernat  Hex/Ice        #.....       16%         2    ##.....
c - Confuse               Hex            ##......     11%         3    ###....
d - Confusing Touch       Hex            ##....       3%          1    #......

Your spell library contained the following spells:

 Spells                   Type           Power        Failure   Level  Hunger
 Tukima's Dance           Hex            ##......     11%         3    ###....
 Magic Dart               Conj           #...         28%         1    #......
 Summon Small Mammal      Summ           #...         28%         1    #......
 Dazzling Spray           Conj/Hex       #.....       30%         3    ###....
 Summon Guardian Golem    Hex/Summ       #.......     30%         3    ###....
 Call Imp                 Summ           #.......     41%         2    ##.....
 Searing Ray              Conj           #.....       41%         2    ##.....
 Call Canine Familiar     Summ           #.......     65%         3    ###....
 Gell's Gravitas          Tloc           #.........   65%         3    ###....
 Recall                   Summ/Tloc      N/A          65%         3    ###....
 Fulminant Prism          Conj/Hex       #.........   71%         4    #####..
 Animate Dead             Necr           N/A          96%         4    #####..
 Force Lance              Conj/Tloc      #.......     96%         4    #####..
 Iskenderun's Mystic Bla  Conj           #.......     96%         4    #####..
 Petrify                  Tmut/Erth      #.......     96%         4    #####..
 Summon Ice Beast         Ice/Summ       #.......     96%         4    #####..
 Summon Lightning Spire   Summ/Air       #.......     96%         4    #####..
 Metabolic Englaciation   Hex/Ice        #.........   96%         5    ######.
 Yara's Violent Unravell  Hex/Tmut       #.........   96%         5    ######.
 Darkness                 Hex            ##........   99%         6    #######
 Borgnjor's Vile Clutch   Necr/Erth      #.........   100%        5    ######.
 Death Channel            Necr           #.........   100%        6    #######
 Simulacrum               Ice/Necr       #.........   100%        6    #######


Dungeon Overview and Level Annotations

Branches:
Dungeon (11/15)            Temple (1/1) D:7            Lair (2/6) D:8
  Snake (0/4) Lair:2          Orc (0/2) D:9
  Swamp: Lair:2-4    Shoals: Lair:2-4

Altars:
Ashenzari
Cheibriados
Dithmenos
Elyvilon
Fedhas
Gozag
Hepliaklqana
Kikubaaqudgha
Makhleb
Nemelex Xobeh
Okawaru
Qazlal
Ru
Sif Muna
Trog
Uskayaw
Vehumet
Wu Jian
Xom
Yredelemnul
Zin
The Shining One

Shops:
D:5 [

Annotations:
Lair:2 Harold


Innate Abilities, Weirdness & Mutations

Your body is rotting away.
You thrive on raw meat.
You are immune to poison.
You have sharp fingernails.
You are carnivorous and can eat meat at any time.
Your flesh is cold resistant. (rC+)
You are immune to negative energy. (rN+++)
You do not regenerate when monsters are visible.
You are immune to unholy pain and torment.
You can survive without breathing.


Message History

Casting: Confusing Touch (safe; 4% risk of failure)
Confirm with . or Enter, or press ? or * to list all spells.
Your claws begin to glow red.
The frost giant hits you but does no damage.
You hit the frost giant but do no damage.
The frost giant appears confused.
The frost giant is severely wounded.
You hit the frost giant.
The frost giant is severely wounded.
The frost giant hits you but does no damage.
You hit the frost giant but do no damage.
The frost giant is severely wounded.
You strike the helpless frost giant from behind!
You impale the frost giant!!
You kill the frost giant!
Your Armour skill increases to level 5!
Your Hexes skill increases to level 5!
Casting: Confusing Touch (safe; 3% risk of failure)
Confirm with . or Enter, or press ? or * to list all spells.
Your claws begin to glow red.
The polar bear bites you!
You die...

$. ###. ##### ##hY.
###...#### #.Y.h
##...#....###
#.h.###..####.....##
#YhC##..#####.....###
###h.###.#.#####....##
#.Y###...⌠.# ##....#
###.#@#...## ###...
##h###### #########.
### ###....##...
###...#....###
###....#######
##...#### ####...## ##
##.....## ###.
##.#.....## #..#


You could see a polar bear.

Vanquished Creatures
  Gastronok (D:9)
  A frost giant (IceCv)
  Snorg (D:10)
  A hydra (Lair:1)
  An ice dragon (D:11)
  2 two-headed ogres
  A tengu warrior (D:9)
  An ice statue (IceCv)
  A spiny frog (D:8)
  A centaur skeleton (D:10)
  2 rime drakes
  2 komodo dragons
  A troll (D:9)
  15 polar bears
  5 hippogriffs
  Sigmund (D:3)
  27 yaks
  2 vampires
  Eustachio (D:5)
  A hungry ghost (D:9)
  A vampire mosquito (D:9)
  Edmund (D:6)
  2 wargs (D:8)
  3 nagas (Lair:2)
  A water moccasin (D:10)
  4 porcupines (Lair:1)
  An orc warrior (D:8)
  3 sky beasts
  A black bear (D:8)
  2 necrophages
  3 phantoms
  2 ice beasts
  50 wolves
  An eye of draining (D:8)
  2 ogres
  9 centaurs
  A big kobold (D:8)
  8 bullfrogs
  2 wyvern skeletons
  3 scorpions
  3 howler monkeys
  3 wights (D:6)
  An electric eel (D:8)
  3 crimson imps
  A quasit (D:4)
  A centaur zombie (D:6)
  5 orc priests
  3 hounds
  3 bullfrog skeletons
  Crazy Yiuf (D:5)
  A gnoll shaman (D:4)
  3 iguanas
  Ijyb (D:5)
  Natasha (thrice) (D:2)
  7 orc wizards
  9 worker ants
  A killer bee zombie (D:10)
  A hound skeleton (D:8)
  A worker ant zombie (D:6)
  8 gnolls
  15 adders
  2 shadow imps
  2 white imps (D:8)
  An ufetubus (D:8)
  2 adder skeletons
  A worm (D:2)
  2 dart slugs
  6 leopard geckos
  24 orcs
  6 bats
  6 giant cockroaches
  5 goblins
  6 hobgoblins
  11 jackals
  8 quokkas
  A ball python (D:3)
  3 frilled lizards
  A jackal skeleton (D:5)
  13 kobolds
  A leopard gecko skeleton (D:8)
  3 quokka skeletons
  A quokka zombie (D:9)
  12 rats
359 creatures vanquished.

Vanquished Creatures (others)
  A white imp (D:8)
  An orc (D:8)
  3 fungi (Lair:1)
5 creatures vanquished.

Grand Total: 364 creatures vanquished

Notes
Turn   | Place    | Note
-------+----------+-------------------------------------------
     0 | D:1      | Borgoz the Ghoul Enchanter began the quest for the Orb.
     0 | D:1      | Reached XP level 1. HP: 14/14 MP: 2/2
    54 | D:1      | Reached skill level 1 in Short Blades
   338 | D:1      | Reached XP level 2. HP: 6/22 MP: 3/3
   982 | D:2      | Reached skill level 1 in Fighting
   982 | D:2      | Reached XP level 3. HP: 28/28 MP: 4/4
  1479 | D:2      | Noticed Natasha
  1568 | D:3      | Learned a level 2 spell: Ensorcelled Hibernation
  1707 | D:2      | Reached XP level 4. HP: 30/35 MP: 5/5
  2230 | D:2      | Killed Natasha
  2478 | D:2      | Noticed Natasha
  2484 | D:2      | Killed Natasha
  2484 | D:2      | Reached XP level 5. HP: 28/41 MP: 6/6
  2862 | D:2      | Noticed Natasha
  2875 | D:2      | Killed Natasha
  3343 | D:3      | Noticed Sigmund
  3376 | D:3      | Killed Sigmund
  3376 | D:3      | Reached XP level 6. HP: 10/51 MP: 7/7
  3782 | D:4      | Reached skill level 5 in Stealth
  3785 | D:4      | Reached XP level 7. HP: 44/57 MP: 8/8
  3833 | D:4      | Got a wizard robe
  3898 | D:4      | Identified the +1 robe of Grottiness {Str+4 Dex+3} (You
                  | found it on level 4 of the Dungeon)
  4868 | D:5      | Entered Level 5 of the Dungeon
  4907 | D:5      | Found a blossoming altar of Fedhas.
  4957 | D:4      | Learned a level 3 spell: Confuse
  5009 | D:5      | Noticed Eustachio
  5015 | D:5      | Noticed Ijyb
  5031 | D:5      | Found a sparkling altar of Nemelex Xobeh.
  5031 | D:5      | Found an opulent altar of Gozag.
  5042 | D:5      | Killed Eustachio
  5254 | D:5      | Noticed a komodo dragon
  5267 | D:5      | Killed a komodo dragon
  5267 | D:5      | Reached skill level 5 in Short Blades
  5267 | D:5      | Reached XP level 8. HP: 66/66 MP: 9/9
  5290 | D:5      | Killed Ijyb
  5435 | D:5      | Found a runed translucent door.
  5436 | D:5      | Noticed Crazy Yiuf
  5475 | D:5      | Found Lueqeuxt's Armour Shoppe.
  5517 | D:5      | Found a bloodstained altar of Trog.
  5897 | D:5      | Found a deep blue altar of Sif Muna.
  6073 | D:5      | Killed Crazy Yiuf
  6125 | D:6      | Identified the Disquisition on Enchantment and Snow
  6440 | D:6      | Reached skill level 5 in Fighting
  6509 | D:6      | Reached XP level 9. HP: 50/73 MP: 10/10
  6793 | D:6      | Noticed Edmund
  6814 | D:6      | Killed Edmund
  6814 | D:6      | Reached skill level 5 in Dodging
  7170 | D:7      | You fall through a shaft for 2 floors!
  7248 | D:9      | Noticed a two-headed ogre
  7252 | D:9      | Identified the ring "Kufos" {rF+ EV+2}
  7252 | D:9      | Noticed a tengu warrior
  7288 | D:9      | Noticed Gastronok
  7327 | D:9      | Killed a two-headed ogre
  7327 | D:9      | Reached XP level 10. HP: 46/84 MP: 11/11
  7411 | D:9      | Killed Gastronok
  8260 | D:7      | Found a glowing silver altar of Zin.
  8265 | D:7      | You fall through a shaft for 3 floors!
  8265 | D:10     | Entered Level 10 of the Dungeon
  8310 | D:10     | Noticed a two-headed ogre
  8359 | D:10     | Noticed Snorg
  8374 | D:10     | Reached XP level 11. HP: 67/92 MP: 12/12
  8382 | D:10     | Killed a two-headed ogre
  8396 | D:10     | Killed Snorg
  8396 | D:10     | Reached skill level 10 in Short Blades
  8641 | D:9      | Found a staircase to the Orcish Mines.
  9035 | D:7      | Found a white marble altar of Elyvilon.
  9037 | D:7      | Found a glowing golden altar of the Shining One.
  9037 | D:7      | Found a sacrificial altar of Ru.
  9039 | D:7      | Found an iron altar of Okawaru.
  9132 | D:7      | Found a staircase to the Ecumenical Temple.
  9144 | Temple   | Entered the Ecumenical Temple
  9251 | Temple   | Became a worshipper of Ashenzari the Shackled
  9398 | D:8      | Reached skill level 10 in Stealth
  9467 | D:8      | Found a staircase to the Lair.
 10103 | D:8      | Reached skill level 1 in Armour
 10754 | D:9      | Identified the +8 chain mail of Gozag's Envy {MR+ Dex-4
                  | SInv}
 11159 | Lair:1   | Entered Level 1 of the Lair of Beasts
 12169 | Lair:1   | Reached XP level 12. HP: 93/104 MP: 15/15
 12233 | Lair:2   | Found an ornate altar of the Wu Jian Council.
 12262 | Lair:1   | Noticed an eight-headed hydra
 12275 | Lair:1   | Learned a level 1 spell: Confusing Touch
 12306 | Lair:1   | Killed an eight-headed hydra
 12892 | Lair:2   | Found a staircase to the Snake Pit.
 13350 | Lair:2   | Noticed Harold
 13568 | D:9      | Killed a tengu warrior
 14777 | D:11     | Reached * piety under Ashenzari
 14984 | D:11     | Found a frozen archway.
 14986 | D:11     | Noticed an ice dragon
 15094 | D:11     | Killed an ice dragon
 15119 | IceCv    | Entered an ice cave
 15687 | IceCv    | Reached XP level 13. HP: 82/113 MP: 16/18
 15939 | IceCv    | Reached skill level 10 in Fighting
 18300 | IceCv    | Noticed a frost giant
 18327 | IceCv    | HP: 5/113 [frost giant/+0 battleaxe of freezing (7)]
 18779 | IceCv    | HP: 2/110 [frost giant/+0 battleaxe of freezing (19)]
 18785 | IceCv    | Killed a frost giant
 18785 | IceCv    | Reached skill level 5 in Armour
 18785 | IceCv    | Reached skill level 5 in Hexes
 18786 | IceCv    | Mangled by a polar bear

Skill      XL: |  1  2  3  4  5  6  7  8  9 10 11 12 13 |
---------------+----------------------------------------+-----
Short Blades   | 1 2 3 4 5 6 8 9 10 11 | 11.3
Dodging        | 2 3 4 5 6 7 8 |  8.8
Fighting       | 1 2 3 4 5 6 7 9 10 | 10.2
Stealth        | 4 5 6 8 9 10 11 | 11.5
Spellcasting   | 2 4 |  4.6
Armour         | 2 4 5 |  5.0
Hexes          | 3 4 5 |  5.0

Action                   |  1- 3 |  4- 6 |  7- 9 | 10-12 | 13-15 || total
-------------------------+-------+-------+-------+-------+-------++-------
Melee: Short sword       |   104 |   194 |    55 |       |       ||   353
       Dagger            |     9 |       |   293 |  1142 |   667 ||  2111
       Rapier            |       |       |    14 |       |       ||    14
 Cast: Ensorcelled Hiber |       |       |     1 |     2 |       ||     3
       Confusing Touch   |       |       |       |    26 |    22 ||    48
Invok: Curse Item        |       |       |       |     2 |       ||     2
Evoke: Wand              |       |       |     8 |    16 |     1 ||    25
  Use: Potion            |       |     2 |     3 |     8 |     5 ||    18
       Scroll            |       |       |    17 |    11 |       ||    28
 Stab: Sleeping          |     3 |     2 |    13 |    21 |     2 ||    41
       Distracted        |       |     1 |     2 |     3 |     1 ||     7
       Paralysed         |       |       |     3 |       |       ||     3
       Invisible         |       |       |       |     7 |       ||     7
       Confused          |       |       |       |    12 |    17 ||    29
  Eat: Chunk             |     6 |    13 |    34 |    88 |    37 ||   178
       Ration            |       |       |       |       |     1 ||     1
Armor: Robe              |    28 |       |    68 |   122 |       ||   218
       Leather armour    |     4 |    51 |     3 |    84 |    38 ||   180
       Chain mail        |       |       |       |       |   206 ||   206
Dodge: Dodged            |    62 |   146 |   220 |   744 |   274 ||  1446
